 Dungeon Crawl Stone Soup version 0.21.0-25-ge575cb9 (webtiles) character file.

416 komo4ek the Slasher (level 6, -5/51 HPs)
             Began as a Barachi Berserker on Jan 22, 2018.
             Was a Believer of Trog.
             Killed from afar by an orc wizard (10 damage)
             ... with a magic dart
             ... on level 4 of the Dungeon.
             The game lasted 00:04:46 (2357 turns).

komo4ek the Slasher (Barachi Berserker)             Turns: 2357, Time: 00:04:47

Health: -5/51      AC: 11    Str: 21    XL:     6   Next: 92%
Magic:  6/6        EV:  7    Int:  7    God:    Trog [**....]
Gold:   114        SH:  0    Dex: 11    Spells: 5/5 levels left

rFire    . . .     SeeInvis .   a - +0 falchion
rCold    . . .     Gourm    .   (no shield)
rNeg     . . .     Faith    .   i - +0 plate armour
rPois    .         Spirit   .   (no helmet)
rElec    .         Reflect  .   (no cloak)
rCorr    .         Harm     .   (no gloves)
MR       ++...     Rnd*Tele +   (no boots)
Stlth    ..........             (no amulet)
HPRegen  1.17/turn              o - ring of flight
MPRegen  0.10/turn              p - ring of teleportation (curse)

@: can't hop, regenerating, slow
A: +LOS, swims, slowness 1, strong legs 1
a: Hop, Berserk, Trog's Hand, Burn Spellbooks, Renounce Religion, Evoke Flight


You were on level 4 of the Dungeon.
You worshipped Trog.
Trog was pleased with you.
You were hungry.

You visited 1 branch of the dungeon, and saw 4 of its levels.

You collected 114 gold pieces.

Inventory:

Hand Weapons
 a - a +0 falchion (weapon)
Missiles
 x - 25 bolts
Armour
 b - a +0 animal skin
 d - a +0 chain mail
 i - a +0 plate armour (worn)
Jewellery
 o - a ring of flight (left hand)
 p - a cursed ring of teleportation (right hand)
 t - an uncursed amulet of magic regeneration {unknown}
 u - an uncursed amulet of rage {unknown}
Scrolls
 f - 2 scrolls of teleportation {unknown}
 g - 4 scrolls of remove curse {unknown}
 k - 2 scrolls of fear {unknown}
 l - a scroll of immolation {unknown}
 q - 4 scrolls of identify {unknown}
 s - a scroll of amnesia {unknown}
Potions
 e - a potion of heal wounds {unknown}
 h - 3 potions of curing {unknown}
 j - a potion of flight {unknown}
 m - a potion of berserk rage {unknown}
 n - a potion of brilliance {unknown}
 r - 2 potions of cancellation {unknown}
Books
 w - a book of Misfortune

   Spells                             Type                      Level
   a - Confusing Touch                Hexes                        1
   b - Confuse                        Hexes                        3
   c - Gell's Gravitas                Translocation                3
   d - Petrify                        Transmutation/Earth          4
   e - Metabolic Englaciation         Hexes/Ice                    5
   f - Yara's Violent Unravelling     Hexes/Transmutation          5
   Trog disapproves of the use of such an item.
Comestibles
 c - 4 rations


   Skills:
 + Level 5.2 Fighting
 * Level 6.3 Long Blades
 + Level 4.3 Armour
 + Level 3.9 Dodging


You had 5 spell levels left.
You didn't know any spells.

Dungeon Overview and Level Annotations

Branches:
Dungeon (4/15)
 Temple: D:4-7

Altars:
Elyvilon
Okawaru
Zin
The Shining One


Innate Abilities, Weirdness & Mutations

Shadows flee at your approach. (+LOS)
You can swim through water.
You cover ground slowly.
You can hop short distances.


Message History

The orc hits you from afar with a trident.
* * * LOW HITPOINT WARNING * * *
The orc wizard gestures wildly while chanting.
The orc wizard flickers and vanishes!
Deactivating autopickup; reactivate with Ctrl-A.
You miss something. The orc hits you but does no damage.
You hear some strange, mumbled words.
A puff of flame appears from out of thin air!
The puff of flame misses you.
Unknown command.
Your plate armour prevents you from hitting something.
You hear some strange, mumbled words.
A puff of flame appears from out of thin air!
The puff of flame hits you!
* * * LOW HITPOINT WARNING * * *
The orc completely misses you.
Unknown command.
A magic dart appears from out of thin air!
The magic dart hits you!
You die...

##..###......# #.......
####..## ###....#### #.#.....
.....##
###.....######..######
.....## #..#.....##..# #
.##...# ##...###.....# ##
.###..# #.....## #...### ###.
## ##.##
##.O....###.....###... #..##
##.o{.....#............
##..###..###@.........)......
#..##..## ##.........##.....
##.....# ##...##.).##.....
#..†O## #..###...###.... .##
###..## #..# #...###....
...###....### ##.##
#...##..... #..>).#....##
#..# #.........#
#...####....####..#
#.....###.. #...#
#..........# #...### #..


You could see an ogre and an orc.

Vanquished Creatures
  2 ogres (D:4)
  Blork the orc (D:4)
  2 orc wizards
  A hound skeleton (D:3)
  4 adders
  An ooze (D:1)
  2 leopard geckos (D:3)
  6 orcs
  3 giant cockroaches
  5 goblins
  8 hobgoblins
  2 jackals (D:2)
  2 quokkas
  2 ball pythons
  10 bats
  3 frilled lizards
  5 kobolds
  8 rats
67 creatures vanquished.

Vanquished Creatures (others)
  A jackal (D:2)
1 creature vanquished.

Grand Total: 68 creatures vanquished

Notes
Turn   | Place    | Note
-------+----------+-------------------------------------------
     0 | D:1      | komo4ek the Barachi Berserker began the quest for the Orb.
     0 | D:1      | Reached XP level 1. HP: 18/18 MP: 1/1
   193 | D:1      | Reached XP level 2. HP: 25/25 MP: 2/2
   230 | D:1      | Reached skill level 4 in Long Blades
   415 | D:2      | Found a white marble altar of Elyvilon.
   424 | D:2      | Reached XP level 3. HP: 27/30 MP: 3/3
   436 | D:2      | Reached ** piety under Trog
   706 | D:2      | Found a faded altar of an unknown god.
   876 | D:3      | Found an iron altar of Okawaru.
   960 | D:3      | Reached XP level 4. HP: 27/37 MP: 4/4
  1038 | D:3      | Reached skill level 5 in Long Blades
  1042 | D:3      | Reached XP level 5. HP: 11/43 MP: 5/5
  1340 | D:3      | Found a glowing silver altar of Zin.
  1637 | D:3      | Found a glowing golden altar of the Shining One.
  2009 | D:4      | Noticed an ogre
  2016 | D:4      | Killed an ogre
  2117 | D:4      | Noticed Blork the orc
  2141 | D:4      | Killed Blork the orc
  2141 | D:4      | Reached XP level 6. HP: 49/50 MP: 6/6
  2271 | D:4      | Reached skill level 5 in Fighting
  2271 | D:4      | Reached skill level 6 in Long Blades
  2355 | D:4      | HP: 2/51 [something/puff of flame (9)]
  2357 | D:4      | Killed from afar by an orc wizard

Skill      XL: |  1  2  3  4  5  6 |
---------------+-------------------+-----
Long Blades    | 4 5 6 |  6.3
Fighting       | 4 5 |  5.2
Armour         | 3 4 |  4.3
Dodging        | 3 |  3.9

Action                   |  1- 3 |  4- 6 || total
-------------------------+-------+-------++-------
Melee: Falchion          |   153 |   111 ||   264
Invok: Berserk           |       |     2 ||     2
       Trog's Hand       |       |     2 ||     2
 Abil: Hop               |       |     1 ||     1
  Eat: Chunk             |     1 |     7 ||     8
Armor: Chain mail        |     8 |       ||     8
       Animal skin       |     5 |       ||     5
       Plate armour      |   141 |    64 ||   205
Dodge: Dodged            |    85 |    55 ||   140
       Rpst.: Falchion   |    22 |    23 ||    45
